 Dungeon Sprint DCSS version 0.27-a0-1287-gca74d27db6 (webtiles) character file.

Game seed: 13721230256659611726

113 mhtbhm the Cudgeller (level 4, -3/48 HPs)
             Began as a Gargoyle Berserker on June 14, 2021.
             Was a Follower of Trog.
             Slain by a scorpion (8 damage)
             ... in the Dungeon (Sprint II: "The Violet Keep of Menkaure").
             The game lasted 00:00:08 (18 turns).

mhtbhm the Cudgeller (Gargoyle Berserker)             Turns: 18, Time: 00:00:08

Health: -3/48      AC:  5    Str: 22    XL:     4   Next: 96%
Magic:  4/4        EV: 12    Int:  7    God:    Trog [*.....]
Gold:   0          SH:  0    Dex:  9    Spells: 3/3 levels left

rFire    . . .     SeeInvis .   a - +0 mace
rCold    . . .     Faith    .   (no shield)
rNeg     + . .     Spirit   .   b - +0 animal skin
rPois    ∞         Reflect  .   (no helmet)
rElec    +         Harm     .   (no cloak)
rCorr    .         Rampage  .   (no gloves)
Will     .....     NoTele   +   (no boots)
Stlth    ..........             (no amulet)
HPRegen  0.16/turn              (no ring)
MPRegen  0.09/turn              (no ring)

@: berserking (expiring), very quick
A: sickness immunity, AC +3, negative energy resistance 1, electricity
resistance, torment resistance 1, petrification resistance
a: Renounce Religion, Berserk


You were in the Dungeon.
You worshipped Trog.
Trog was aware of your devotion.
You visited 1 branch

Inventory:

Hand Weapons
 a - a +0 mace (weapon)
Armour
 b - a +0 animal skin (worn)
Scrolls
 h - a scroll of blinking
Potions
 c - a potion of curing
 d - a potion of heal wounds
 e - a potion of haste
 f - 2 potions of magic
 g - a potion of berserk rage


   Skills:
 + Level 6.9 Fighting
 + Level 6.9 Maces & Flails
 + Level 3.8 Armour
 + Level 2.8 Dodging


You had 3 spell levels left.
You didn't know any spells.
Your spell library was empty.

Dungeon Overview and Level Annotations

Branches:
Dungeon (1/1)

Altars:


Innate Abilities, Weirdness & Mutations

You are immune to sickness and miasma.
Your stone body is resilient. (AC +3)
You are immune to poison.
You resist negative energy. (rN+)
You are resistant to electric shocks. (rElec)
You are resistant to unholy torment.
You are immune to petrification.


Message History

The scorpion barely misses you.
Unknown command.
You sock the scorpion!
You kill the scorpion!
Trog accepts your kill.
Your Fighting skill gained 2 levels and is now at level 5!
Your Maces & Flails skill gained 2 levels and is now at level 5!
Your Armour skill increases to level 3!
Your Dodging skill increases to level 2!
You have reached level 2!
You have reached level 3!
Your experience leads to an increase in your attributes!
Increase (S)trength, (I)ntelligence, or (D)exterity?
You feel stronger.
You have reached level 4!
You feel stronger.
You sock the scorpion!
The scorpion is almost dead.
The scorpion misses you.
You sock the scorpion!
You kill the scorpion!
Trog accepts your kill.
Your Fighting skill increases to level 6!
Your Maces & Flails skill increases to level 6!
You barely miss the scorpion.
The scorpion stings you but does no damage.
You hit the scorpion.
The scorpion is moderately wounded.
The scorpion stings you.
* * * LOW HITPOINT WARNING * * *
You hit the scorpion.
The scorpion is heavily wounded.
You hit the scorpion.
The scorpion is almost dead.
The scorpion stings you.
* * * LOW HITPOINT WARNING * * *
You barely miss the scorpion.
The scorpion is almost dead.
The scorpion stings you!
You die...

###
###
.. ..
s#.
#s#
##@##
+.<.+
##.##
#+#


You could see 2 scorpions.

Vanquished Creatures
  2 scorpions (D)
2 creatures vanquished.

Notes
Turn   | Place    | Note
-------+----------+-------------------------------------------
     0 | D        | mhtbhm the Gargoyle Berserker began the quest for the Orb.
     0 | D        | Reached XP level 1. HP: 14/14 MP: 1/1
     1 | D        | Noticed a scorpion
     1 | D        | Noticed a scorpion
     1 | D        | Noticed a scorpion
     1 | D        | Noticed a scorpion
    11 | D        | Killed a scorpion
    12 | D        | Reached skill level 5 in Fighting
    12 | D        | Reached skill level 5 in Maces & Flails
    12 | D        | Reached XP level 2. HP: 10/22 MP: 2/2
    12 | D        | Reached XP level 3. HP: 12/27 MP: 3/3
    12 | D        | Reached XP level 4. HP: 15/32 MP: 4/4
    13 | D        | Killed a scorpion
    18 | D        | Slain by a scorpion

Illustrated notes

Levels and vault maps discovered:
D:        the_violet_keep_of_menkaure [sprint2_stairs_cluster_1,
          sprint2_shoproom, sprint2_temple, sprint2_basic_supplies,
          sprint2_obstacle_3, sprint2_obstacle_7, sprint2_obstacle_6,
          sprint2_obstacle_2, sprint2_obstacle_4, sprint2_timed_cluster_1,
          sprint2_smallroom_cluster_1, sprint2_smallroom_final_cluster_1,
          sprint2_transparent_cluster_1, sprint2_second_timed_cluster_1,
          sprint2_sniper_area_1, sprint2_heavy_combat_area_1,
          sprint2_mutation_trap_area_1, sprint2_forest_area_1,
          sprint2_light_combat_area_1, sprint2_behind_water_1,
          sprint2_near_end_vault_1]

Skill      XL: |  1  2  3  4 |
---------------+-------------+-----
Fighting       | 5 6 |  6.9
Maces & Flails | 5 6 |  6.9
Armour         | 3 |  3.8
Dodging        | 2 |  2.8

Action                   |  1- 3 |  4- 6 || total
-------------------------+-------+-------++-------
Melee: Mace              |     9 |     7 ||    16
Invok: Berserk           |     1 |       ||     1
Armor: Animal skin       |     1 |     1 ||     2
Dodge: Dodged            |     3 |     1 ||     4

Table legend: (Time is in decaauts)
 A = Elapsed time spent in this place.
 B = Non-inter-level travel time spent in this place.
 C = Inter-level travel time spent in this place.
 D = Time resting spent in this place.
 E = Time spent auto-exploring this place.
 F = Levels seen in this place.
 G = Mean time per level.
                   A        B        C        D        E       F      G
               +--------+--------+--------+--------+--------+-----+--------+
         Total |     14 |     14 |      0 |      0 |      1 |   1 |   14.0 |
       Dungeon |     14 |     14 |      0 |      0 |      1 |   1 |   14.0 |
               +--------+--------+--------+--------+--------+-----+--------+

Top non-repeatable levels by time:
       D: 14 daAuts
